 Dungeon Crawl Stone Soup version 0.19-a0-1068-g99dd0f4 (webtiles) character file.

51575 bjefkjwebfkjbewklj the Severer (level 14, -5/127 HPs)
             Began as a Minotaur Fighter on Aug 5, 2016.
             Was the Champion of Okawaru.
             Slain by Rupert
             ... wielding a +3 battleaxe of draining
              (6 damage)
             ... on level 12 of the Dungeon.
             The game lasted 00:55:29 (21682 turns).

bjefkjwebfkjbewklj the Severer (Minotaur Fighter)  Turns: 21682, Time: 00:55:29

Health: -5/127     AC: 22    Str: 32    XL:     14   Next: 23%
Magic:  8/13       EV: 15    Int:  5    God:    Okawaru [******]
Gold:   1669       SH: 16    Dex: 20    Spells: 0 memorised, 13 levels left

rFire  . . .     SeeInvis .     z - +3 broad axe (chop)
rCold  + + +     Gourm    .     K - +2 chain mail {rPois}
rNeg   + . .     Faith    .     c - +0 shield
rPois  +         Spirit   .     W - +1 hat {MR+}
rElec  .         Dismiss  .     g - +0 cloak
rCorr  .         Reflect  +     q - +1 pair of gloves
SustAt .         Harm     .     N - +2 pair of boots {Fly}
MR     ++...     NoTele   +     Y - amulet of Oenomania {Reflect -Tele rC+++ Dex+7 SH+2}
Stlth  ..........               A - ring of positive energy
                                x - +2 ring of dexterity

@: mighty, finesse, flying, very slightly contaminated, hasted, heavily drained,
very quick
A: retaliatory headbutt, horns 2, strong 1
a: Heroism, Finesse, Renounce Religion, Stop Flying


You were on level 12 of the Dungeon.
You worshipped Okawaru.
Okawaru was exalted by your worship.
You were hungry.

You visited 3 branches of the dungeon, and saw 19 of its levels.
You also visited: Sewer and Ice Cave.

You collected 1669 gold pieces.

Inventory:

Hand Weapons
 k - a +5 flail of protection
 z - a +3 broad axe of chopping (weapon)
Armour
 c - a +0 shield (worn)
 g - a +0 cloak (worn)
 q - a +1 pair of gloves (worn)
 B - a +0 plate armour
 K - a +2 chain mail of poison resistance (worn)
 N - a +2 pair of boots of flying (worn)
 W - a +1 hat of magic resistance (worn)
Jewellery
 d - the amulet "Ruskiw" {Gourm MR+}
   (You acquired it on level 11 of the Dungeon)

   [amulet of the gourmand]

   It allows you to eat raw meat even when not hungry.
   It affects your resistance to hostile enchantments.
 x - a +2 ring of dexterity (left hand)
 A - a ring of positive energy (right hand)
 Y - the amulet of Oenomania (around neck) {Reflect -Tele rC+++ Dex+7 SH+2}
   (You found it on level 6 of the Lair of Beasts)

   [amulet of reflection]

   It shields you and reflects attacks.
   It affects your dexterity (+7).
   It renders you almost immune to cold.
   It prevents most forms of teleportation.
   It affects your SH (+2).
Wands
 p - a wand of paralysis (5/24)
 s - a wand of polymorph (10/24)
 O - a wand of iceblast (6/15)
 P - a wand of polymorph (9/24)
Scrolls
 b - 2 scrolls of fear
 j - 5 scrolls of teleportation
 o - 5 scrolls of fog
 t - 3 scrolls of enchant armour
 w - 7 scrolls of recharging
 G - 4 scrolls of remove curse
 M - 2 scrolls of amnesia
Potions
 e - 3 potions of magic
 i - 4 potions of curing
 l - 2 potions of resistance
 n - a potion of agility
 u - 3 potions of brilliance
 C - a potion of invisibility
 D - 4 potions of lignification
 E - 3 potions of ambrosia
 H - a potion of mutation
 L - 3 potions of cancellation
Comestibles
 a - 19 fruits
 f - 16 bread rations
 h - 11 chunks of flesh
 m - 7 meat rations
 r - 21 beef jerkies


   Skills:
 + Level 12.8(10.5) Fighting
 * Level 16.6(14.2) Axes
 + Level 12.3(10.0) Armour
 + Level 11.1(8.9) Dodging
 + Level 12.7(10.4) Shields
 + Level 1.3(0.0) Invocations


You had 13 spell levels left.
You didn't know any spells.

Dungeon Overview and Level Annotations

Branches:
Dungeon (12/15)            Temple (1/1) D:6            Lair (6/6) D:9
  Swamp (0/4) Lair:3       Spider (0/4) Lair:2        Slime (0/5) Lair:5
    Orc (0/2) D:12

Altars:
Ashenzari
Cheibriados
Dithmenos
Elyvilon
Fedhas
Gozag
Hepliaklqana
Kikubaaqudgha
Makhleb
Nemelex Xobeh
Okawaru
Pakellas
Qazlal
Ru
Sif Muna
Trog
Uskayaw
Vehumet
Xom
Yredelemnul
Zin
The Shining One

Annotations:
D:12 Rupert
Lair:5 exclusion: 3 oklob plants


Innate Abilities, Weirdness & Mutations

You reflexively headbutt those who attack you in melee.
You have a pair of horns on your head.
Your muscles are strong. (Str +2)


Message History

* * * LOW HITPOINT WARNING * * *
You block Rupert's attack.
You are very lightly contaminated with residual magic.
You fail to use your ability.
You can now deal lightning-fast blows.
You are feeling hungry.
You block Rupert's attack.
You closely miss Rupert. You headbutt Rupert!!
Rupert is heavily wounded.
You block Rupert's attack.
Unknown command.
You slash Rupert!
Rupert is heavily wounded.
Unknown command.
Your shield and chain mail prevent you from hitting Rupert.
Rupert is heavily wounded.
Rupert hits you with a battleaxe of draining!!
* * * LOW HITPOINT WARNING * * *
You partially resist.
You feel drained.
You die...

#####.#
#..<..##### ##
#.##....... .#
#. ###.##...# .#
.. .###
#......).### #.#
# #. . ..
.......)...#
..##.# #.#. #
..#[#####..#####
..... #..# ..#.#
#......##@.#####
#..# ....#
#...>...@.......
#..## # .<###
#......##..#####
#...### ..##
##8...8# ..#
#..#... ...#
###+### ...#
#..#### ...#
.#.# #....# ...#
.... ##.#.# ...#
.. .. #.#.#
...#######
#..### #.##.#.##
.........# ..
#........


You could see Rupert (berserk).

Vanquished Creatures
  A frost giant (IceCv)
  Fannar (D:10)
  Josephine (D:10)
  4 hydras
  A catoblepas (Lair:6)
  Erica (D:10)
  A death yak (IceCv)
  Urug (D:10)
  An unseen horror (D:12)
  A hill giant (D:10)
  An ugly thing (D:11)
  A deep elf mage (D:12)
  An oklob plant (Lair:3)
  6 elephants (Lair:6)
  A centaur zombie (D:12)
  An ice statue (IceCv)
  6 black mambas
  4 torpor snails (Lair:6)
  8 spiny frogs
  A centaur skeleton (D:10)
  A rime drake (Lair:3)
  3 komodo dragons
  2 ice devils (Lair:5)
  Grinder (D:5)
  A troll (D:11)
  26 polar bears
  2 raiju (Lair:6)
  A two-headed ogre (D:8)
  17 blink frogs
  A shadow (D:12)
  5 wraiths (D:10)
  A spriggan (D:8)
  A basilisk (Lair:4)
  4 hippogriffs
  38 yaks
  Eustachio (D:6)
  4 vampire mosquitoes (D:12)
  Edmund (D:4)
  5 wargs (Lair:6)
  13 water moccasins
  The ghost of clown the Caller, an amateur TeSu of Ashenzari (D:5)
  8 hell hounds (Lair:6)
  6 porcupines
  3 orc warriors
  Duvessa (D:7)
  6 sky beasts
  14 black bears
  2 phantoms
  3 ogres
  26 wolves
  2 centaurs
  A big kobold (D:10)
  9 crocodiles
  11 giant frogs
  Dowan (D:7)
  5 killer bees (D:7)
  A scorpion (D:7)
  3 wights (D:11)
  3 howler monkeys (D:8)
  5 crimson imps
  3 jellies
  3 orc priests
  Crazy Yiuf (D:5)
  2 giant frog zombies
  18 hounds
  3 giant frog skeletons
  Terence (D:2)
  6 iguanas
  8 orc wizards
  7 worker ants
  A siren (Sewer)
  A merfolk avatar (Sewer)
  4 sheep (Lair:1)
  A hound zombie (D:5)
  A hound skeleton (D:8)
  4 gnolls (D:11)
  41 river rats
  10 adders
  2 shadow imps
  An adder skeleton (D:7)
  A worm (D:3)
  3 dart slugs
  7 giant geckos
  35 orcs
  7 bats
  8 giant cockroaches
  9 goblins
  3 hobgoblins
  3 jackals
  13 quokkas
  5 ball pythons (Sewer)
  A giant gecko skeleton (D:5)
  12 giant newts
  9 kobolds
  A quokka skeleton (D:4)
  A quokka zombie (D:8)
  32 rats
  A butterfly (Lair:6)
  4 fungi
  7 plants
562 creatures vanquished.

Vanquished Creatures (others)
  Nessos (Lair:4)
  Erolcha (D:9)
  A rime drake (IceCv)
  A polar bear (IceCv)
  2 wolves (IceCv)
  6 fungi (Lair:6)
  9 plants
21 creatures vanquished.

Grand Total: 583 creatures vanquished

Notes
Turn   | Place    | Note
-------+----------+-------------------------------------------
     0 | D:1      | bjefkjwebfkjbewklj the Minotaur Fighter began the quest for the Orb.
     0 | D:1      | Reached XP level 1. HP: 19/19 MP: 0/0
   255 | D:1      | Reached skill level 3 in Axes
   374 | D:1      | Reached XP level 2. HP: 26/26 MP: 1/1
  1105 | D:2      | Reached skill level 1 in Dodging
  1243 | D:2      | Noticed Terence
  1249 | D:2      | Killed Terence
  1249 | D:2      | Reached XP level 3. HP: 30/33 MP: 2/2
  1619 | D:3      | Reached XP level 4. HP: 40/40 MP: 3/3
  1699 | D:3      | Found an opulent altar of Gozag.
  1840 | D:3      | Reached skill level 4 in Axes
  1996 | D:3      | Reached XP level 5. HP: 46/46 MP: 4/4
  2231 | D:4      | Noticed Edmund
  2255 | D:4      | Killed Edmund
  2255 | D:4      | Reached XP level 6. HP: 18/53 MP: 5/5
  2387 | D:4      | Found a glowing drain.
  2428 | Sewer    | Entered a sewer
  2628 | Sewer    | Reached skill level 5 in Axes
  3047 | D:4      | Reached skill level 5 in Shields
  3229 | D:4      | Reached skill level 5 in Fighting
  3246 | D:4      | Reached skill level 5 in Armour
  3695 | D:4      | Reached XP level 7. HP: 60/61 MP: 6/6
  3753 | D:5      | Entered Level 5 of the Dungeon
  3941 | D:5      | Reached skill level 6 in Axes
  4182 | D:5      | Got a creamy pearl robe
  4530 | D:5      | Identified the +1 robe of the Sun {Str+2 Int+2} (You found it on level 5 of the Dungeon)
  4679 | D:5      | Found a runed door.
  4683 | D:5      | Noticed Crazy Yiuf
  4683 | D:5      | Noticed Grinder
  4683 | D:5      | Noticed clown's ghost (amateur TeSu)
  4689 | D:5      | Killed clown's ghost
  4689 | D:5      | Reached XP level 8. HP: 63/70 MP: 7/7
  4695 | D:5      | Killed Grinder
  4695 | D:5      | Reached skill level 7 in Axes
  4700 | D:5      | Killed Crazy Yiuf
  5269 | D:6      | Noticed Eustachio
  5289 | D:6      | Killed Eustachio
  5290 | D:6      | Reached skill level 8 in Axes
  5495 | D:6      | Found a staircase to the Ecumenical Temple.
  5509 | Temple   | Entered the Ecumenical Temple
  6081 | Temple   | Became a worshipper of Warmaster Okawaru
  6223 | D:7      | Found a white marble altar of Elyvilon.
  6254 | D:7      | Reached XP level 9. HP: 69/78 MP: 8/8
  6713 | D:7      | Reached skill level 5 in Dodging
  6717 | D:7      | Noticed Dowan
  6721 | D:7      | Noticed Duvessa
  6729 | D:7      | Killed Duvessa
  6729 | D:7      | Reached * piety under Okawaru
  6729 | D:7      | Reached skill level 9 in Axes
  6754 | D:7      | Killed Dowan
  8359 | D:9      | Reached skill level 10 in Axes
  8366 | D:9      | Reached ** piety under Okawaru
  8877 | D:9      | Reached XP level 10. HP: 69/88 MP: 9/9
  9003 | D:9      | Gained mutation: Your muscles are strong. (Str +2) [potion of beneficial mutation]
  9056 | D:9      | Noticed Erolcha
  9082 | D:9      | Killed Erolcha
  9632 | D:9      | You fall through a shaft for 2 floors!
  9640 | D:10     | Entered Level 10 of the Dungeon
  9663 | D:10     | Noticed Urug
  9685 | D:10     | Killed Urug
  9685 | D:10     | Reached *** piety under Okawaru
  9685 | D:10     | Reached skill level 11 in Axes
  9957 | D:10     | Noticed Erica
  9996 | D:10     | Killed Erica
 10425 | D:9      | Found a staircase to the Lair.
 10601 | Lair:1   | Entered Level 1 of the Lair of Beasts
 10720 | D:10     | Noticed a hill giant
 10728 | D:10     | Killed a hill giant
 10876 | D:10     | Noticed Fannar
 10877 | D:10     | Noticed Josephine
 10891 | D:10     | Reached **** piety under Okawaru
 10891 | D:10     | Killed Josephine
 10891 | D:10     | Reached XP level 11. HP: 51/97 MP: 10/10
 10895 | D:10     | Reached skill level 12 in Axes
 11391 | D:10     | Killed Fannar
 11391 | D:10     | Reached ***** piety under Okawaru
 12386 | Lair:1   | Noticed a seven-headed hydra
 12393 | Lair:1   | Killed a seven-headed hydra
 12393 | Lair:1   | Received a gift from Okawaru
 12847 | Lair:2   | Found a hole to the Spider Nest.
 12905 | Lair:2   | Reached skill level 10 in Fighting
 13085 | Lair:2   | Found a glowing golden altar of the Shining One.
 13186 | Lair:2   | Received a gift from Okawaru
 13186 | Lair:2   | Reached skill level 13 in Axes
 13186 | Lair:2   | Reached skill level 10 in Shields
 13318 | Lair:2   | Reached skill level 10 in Armour
 13692 | Lair:2   | Received a gift from Okawaru
 13772 | Lair:2   | Noticed a four-headed hydra
 13781 | Lair:2   | Killed a four-headed hydra
 13781 | Lair:2   | Reached XP level 12. HP: 94/107 MP: 11/11
 14457 | Lair:3   | Found an opulent altar of Gozag.
 14764 | Lair:3   | Reached skill level 14 in Axes
 15087 | Lair:3   | Noticed a six-headed hydra
 15102 | Lair:3   | Killed a six-headed hydra
 15104 | Lair:3   | Found a staircase to the Swamp.
 15853 | Lair:4   | You are sucked into a shaft for 2 floors!
 15853 | Lair:6   | Entered Level 6 of the Lair of Beasts
 15943 | Lair:6   | Noticed a catoblepas
 15964 | Lair:6   | Killed a catoblepas
 16399 | Lair:6   | Reached ****** piety under Okawaru
 16411 | Lair:6   | Received a gift from Okawaru
 16703 | Lair:6   | Found a snail-covered altar of Cheibriados.
 16822 | Lair:6   | Reached XP level 13. HP: 80/116 MP: 12/12
 17288 | Lair:6   | Reached skill level 15 in Axes
 17300 | Lair:6   | Reached skill level 10 in Dodging
 17600 | Lair:6   | Received a gift from Okawaru
 17643 | Lair:6   | Got a steaming copper amulet
 17802 | Lair:6   | Identified the amulet of Oenomania {Reflect -Tele rC+++ Dex+7 SH+2} (You found it on level 6 of the Lair of Beasts)
 18022 | Lair:5   | Found a frozen archway.
 18035 | IceCv    | Entered an ice cave
 18363 | IceCv    | Identified Orchieh's Disquisition on Earth and Cold
 18613 | IceCv    | Reached skill level 16 in Axes
 18833 | IceCv    | Noticed a frost giant
 18840 | IceCv    | Killed a frost giant
 19214 | Lair:5   | Received a gift from Okawaru
 19263 | Lair:5   | Found a staircase to the Slime Pits.
 19513 | Lair:5   | Reached XP level 14. HP: 127/127 MP: 13/13
 20295 | Lair:4   | Noticed Nessos
 20314 | Lair:4   | Killed Nessos
 20741 | D:11     | Identified a scroll of acquirement
 20744 | D:11     | Got a transparent bone amulet
 20952 | D:11     | Identified the amulet "Ruskiw" {Gourm MR+} (You acquired it on level 11 of the Dungeon)
 21145 | D:12     | Reached skill level 1 in Invocations
 21599 | D:12     | Found a staircase to the Orcish Mines.
 21658 | D:12     | Noticed Rupert
 21682 | D:12     | HP: 1/127 [Rupert/battleaxe of draining (34)]
 21682 | D:12     | Slain by Rupert

Vault maps used:
D:1:      lightli_arrival_maybe_door_vault
D:2:      uniq_terence
D:3:      nicolae_gozag_seed_capital, minivault_25, minmay_mini_jars
D:4:      gup_sewer_entry_bowl, uniq_edmund
D:5:      first_bread, uniq_crazy_yiuf_cottage, uniq_grinder
D:6:      kennysheep_another_room, uniq_eustachio
D:7:      elyvilon_altar_5, uniq_duvessa
D:8:      the_bakery, serial_bayou_pond_a
D:9:      david_lair_shrubbed, uniq_erolcha
D:10:     uniq_fannar, uniq_urug, uniq_erica, uniq_josephine
D:12:     minmay_orc_entry_temple_small, uniq_rupert
Temple:   kilobyte_greek_temple
Lair:1:   lemuel_old_faithful, infiniplex_staircase_pool_2
Lair:2:   spider_nest_entry_web_field, basic_altar, lemuel_fruit_tree
Lair:3:   minmay_swamp_entry_reptiles, lemuel_oklob_altar
Lair:4:   minmay_stone_trees_small, uniq_nessos
Lair:5:   minmay_slime_entry_oklob_open, portal_ice_cave_demonic_guard,
          serial_bayou_pond_c, grunt_megastairs_3
Lair:6:   hangedman_lair_caniforms_friends, kennysheep_snail_temple,
          lemuel_fruit_fields, lemuel_fruit_fields
Sewer:    sewer_sea
IceCv:    ice_cave_caverns_02

Skill      XL: |  1  2  3  4  5  6  7  8  9 10 11 12 13 14 |
---------------+-------------------------------------------+-----
Axes           | 3 4 5 6 8 10 11 13 14 16 | 16.6
Dodging        | 1 2 3 4 6 7 8 9 10 11 | 11.1
Fighting       | 4 5 6 8 9 10 11 12 | 12.8
Armour         | 4 5 6 7 9 10 11 12 | 12.3
Shields        | 4 5 6 7 9 10 11 12 | 12.7
Invocations    | 1 |  1.3

Action                   |  1- 3 |  4- 6 |  7- 9 | 10-12 | 13-15 || total
-------------------------+-------+-------+-------+-------+-------++-------
Melee: War axe           |    79 |   218 |   340 |   198 |       ||   835
       Headbutt          |     7 |    37 |    49 |   124 |   171 ||   388
       Broad axe         |       |       |       |   334 |   505 ||   839
       Flail             |       |       |       |    19 |       ||    19
Invok: Finesse           |       |       |       |       |     2 ||     2
  Use: Potion            |     1 |     6 |     2 |    13 |     4 ||    26
       Scroll            |       |    15 |     8 |     8 |     3 ||    34
 Stab: Invisible         |       |       |       |     1 |       ||     1
  Eat: Chunk             |     2 |     8 |    15 |    19 |    14 ||    58
       Fruit             |       |       |     1 |     3 |     2 ||     6
       Pizza             |       |       |       |     1 |       ||     1
       Beef jerky        |       |       |       |     2 |       ||     2
Armor: Chain mail        |    52 |   109 |   166 |   253 |   168 ||   748
Dodge: Dodged            |    26 |    60 |    94 |   233 |   220 ||   633
Block: Shield            |    41 |   120 |   192 |   328 |   364 ||  1045
       Reflection        |       |       |       |       |     5 ||     5
